[Event "Early-Titled-Tuesday-Blitz-October-10-2023"]
[Site "Chess.com"]
[Date "2023.10.10"]
[Round "6"]
[White "NovikovaGalina"]
[Black "AlexandraSamaganova"]
[Result "0-1"]
[WhiteElo "2424"]
[BlackElo "2230"]
[TimeControl "180+1"]
[EndTime "9:05:47 PDT"]
[Termination "AlexandraSamaganova won by resignation"]

1. e4 c5 2. Nf3 e6 3. b4 b6 4.
bxc5 bxc5 5. c3 Nf6 6. Bd3 Nc6 7. O-O d6 8. Bc2 e5 9. d4 cxd4 10. cxd4 Bg4 11. Ba4 Rc8 12. d5 Bd7 13. dxc6 Bxc6 14.
Bxc6+ Rxc6 15. Qa4 Qd7 16. Bg5 Be7 17. Bxf6 Bxf6 18.
Nbd2 O-O 19. Rac1 Rfc8 20. Rxc6 Rxc6 21. Nc4 Qc8 22. Ne3 g6 23. Nd5 Bd8 24. Qxa7 Kg7 25. Qa3 Rc5 26. h3 Qc6 27. Qb2 Rb5 28. Qd2 Qc4 29. Re1 Ba5 30. Qg5 Bxe1 31. Qf6+ Kg8 32. Ne7+ Kf8 33. Ng5 Rb2 34. Nxh7+ Ke8 35. f3 Qe6 36.
Qxe6 fxe6 37. Nxg6 Bd2 38. h4 Be3+ 39. Kh2 Rxa2 40.
Ng5 Bxg5 41. hxg5 Kf7 42. Nh4 Kg7 43. Kh3 d5 44. Kg4 d4 45. g3 d3 46. f4 exf4 47. gxf4 d2 48. f5 d1=Q+ 49. Nf3 Ra3 50. f6+ Kg6 51.
Kf4 Qxf3+ 52. Ke5 Qg3+ 53. Kxe6 Qxg5 54. e5 Re3 55. Kd7 Qxe5 0-1

[Event "Early-Titled-Tuesday-Blitz-October-10-2023"]
[Site "Chess.com"]
[Date "2023.10.10"]
[Round "6"]
[White "ferrufino64"]
[Black "ajedrezhoy"]
[Result "0-1"]
[WhiteElo "2192"]
[BlackElo "2374"]
[TimeControl "180+1"]
[EndTime "9:05:48 PDT"]
[Termination "ajedrezhoy won on time"]

1. e4 Nf6 2. e5 Nd5 3. c4 Nb6 4. d4 d6 5. exd6 cxd6 6. h3 g6 7. Nf3 Bg7 8. Be2 O-O 9. O-O Nc6 10. Nc3 Bf5 11. Re1 Rc8 12. b3 Re8 13. a3 h6 14.
Bb2 e5 15. d5 Nb8 16. Qd2 Na6 17. Qe3 Nc5 18. Nd2 Bc2 19. Bd1 Bxd1 20. Raxd1 f5 21. b4 Nca4 22. Nxa4 Nxa4 23. Ba1 Nb6 24. Rc1 e4 25. Bxg7 Kxg7 26. Qb3 Kh7 27. Nf1 Nd7 28. Red1 Ne5 29. c5 Nd3 30. Rc3 dxc5 31. bxc5 Nxc5 32. Qb5 Qd6 33. Rdc1 b6 34. Ne3 Re7 35. a4 Rec7 36. a5 Nd7 37. Rc6 Rxc6 38. dxc6 Ne5 39. axb6 axb6 40.
Qxb6 Rxc6 41. Qb7+ Kg8 42. Qa8+ Kf7 43. Qb7+ Kf6 44.
Rd1 Qe6 45. Nd5+ Kg5 46. Qb2 Nd3 47. Qd2+ f4 48. Nb4 Nxb4 49. Qxb4 Qf5 50. Qb3 Rc5 51.
Qb4 Re5 52. Re1 h5 53. Qd2 Kh6 54. Qd8 Qe6 55. h4 Kh7 56. Qf8 Rf5 57. Qd8 Rf7 58.
Rc1 Qf6 0-1

[Event "Early-Titled-Tuesday-Blitz-October-10-2023"]
[Site "Chess.com"]
[Date "2023.10.10"]
[Round "6"]
[White "Alexander_Donchenko"]
[Black "SAInt_666"]
[Result "1-0"]
[WhiteElo "2842"]
[BlackElo "2673"]
[TimeControl "180+1"]
[EndTime "9:05:50 PDT"]
[Termination "Alexander_Donchenko won by resignation"]

1. d4 Nf6 2. c4 e6 3. Nc3 Bb4 4. e3 O-O 5. Bd2 c5 6. a3 Bxc3 7. Bxc3 Ne4 8. Ne2 b6 9. d5 Ba6 10. b3 Nxc3 11. Nxc3 e5 12. Bd3 d6 13. h4 f5 14. Qe2 Bc8 15. f3 Na6 16. O-O-O Nc7 17. g4 Kh8 18. Rdg1 Qf6 19. gxf5 e4 20. Nxe4 Qa1+ 21.
Bb1 Qxa3+ 22. Qb2 Qxb2+ 23. Kxb2 Bxf5 24. Nxd6 Bxb1 25. Kxb1 Rxf3 26. Re1 Rd8 27. Rhf1 Rxf1 28. Rxf1 Kg8 29. Nf5 g6 30. Ne7+ Kg7 31. Kc2 Re8 32. d6 Ne6 33. Nc6 Rc8 34. Nxa7 Rd8 35. Nb5 h6 36. Kd3 Rf8 37. Rxf8 Kxf8 38. Ke4 Ke8 39. Ke5 Kd7 40. Nc7 Nd8 41. Nd5 g5 42. hxg5 hxg5 43. Nxb6+ Kc6 44. Nd5 Nf7+ 45. Kf5 Nxd6+ 46. Kxg5 Ne4+ 47.
Kf5 Nd2 48. e4 Nxb3 49. e5 Nd2 50. Ne3 Kd7 51. e6+ Kd6 52. Ng4 Nxc4 53. Kf6 Nb6 54. Kf7 Nc8 55. Ne3 Kc6 56. Nf5 c4 57. Ke8 c3 58.
Kf7 c2 59. Nd4+ Kd5 60. Nxc2 Nd6+ 61. Ke7 Nf5+ 62. Kf6 Nd6 63. Ne3+ Kc6 64. Nf5 Nc8 65. Ne7+ 1-0

[Event "Early-Titled-Tuesday-Blitz-October-10-2023"]
[Site "Chess.com"]
[Date "2023.10.10"]
[Round "6"]
[White "sergoy"]
[Black "Iball95"]
[Result "0-1"]
[WhiteElo "2998"]
[BlackElo "2801"]
[TimeControl "180+1"]
[EndTime "9:05:51 PDT"]
[Termination "Iball95 won by checkmate"]

1. d4 d5 2. c4 e6 3. Nf3 Nf6 4. Nc3 c5 5. cxd5 cxd4 6. Qxd4 Nxd5 7. Nxd5 exd5 8. e3 Nc6 9. Qa4 Bb4+ 10. Bd2 Bxd2+ 11. Nxd2 O-O 12. Bb5 d4 13. e4 Qg5 14.
g3 Bd7 15. f4 Qc5 16. O-O a6 17. Bxc6 Bxc6 18. Qa3 Qh5 19. Rae1 Rad8 20. Rf2 d3 21. Qc3 Rfe8 22. b3 Re7 23. a4 h6 24. Qc4 Kh8 25. Rf3 Qa5 26. Rf2 Red7 27. h3 f6 28. Kh2 Rd4 29. Qc1 Re8 30. Qb2 Rd7 31. e5 fxe5 32. fxe5 Rde7 33. Ref1 Qxe5 34. Qxe5 Rxe5 35.
g4 Re2 36. Kg3 R8e3+ 37. Kf4 Rxh3 38. Rxe2 dxe2 39. Re1 Rh2 40. Ke3 Rg2 41. Rxe2 Rxg4 42. Rf2 Kh7 43. Rf7 h5 44. Rf5 g6 45. Rf7+ Kh6 46.
Nc4 Rg3+ 47. Kd4 Rxb3 48. Ne5 Rb4+ 49. Kc5 Rxa4 50. Rf6 Be4 51. Nf7+ Kg7 52. Rf4 b5 53. Nd6 Bc2 54. Rf7+ Kh6 55. Re7 h4 56. Nf7+ Kh5 57.
Ne5 Bf5 58. Kd5 h3 59. Rh7+ Kg5 60. Nf7+ Kf4 61. Ne5 Be4+ 62. Ke6 Bf5+ 63. Kf6 Kg3 64. Rh6 h2 65. Kg5 Bh3 66. Rxg6 h1=Q 67. Kf6+ Kf2 68.
Ke7 Re4 69. Rf6+ Ke2 70. Kd6 Qh2 71. Kc5 Qxe5+ 72. Kb6 Qxf6+ 73. Ka5 Ra4# 0-1

[Event "Early-Titled-Tuesday-Blitz-October-10-2023"]
[Site "Chess.com"]
[Date "2023.10.10"]
[Round "6"]
[White "Irina_Mikhaylova"]
[Black "LeoLV10"]
[Result "0-1"]
[WhiteElo "2297"]
[BlackElo "2557"]
[TimeControl "180+1"]
[EndTime "9:05:52 PDT"]
[Termination "LeoLV10 won by resignation"]

1. d4 Nf6 2. Nf3 e6 3. c4 d5 4. cxd5 exd5 5. Qc2 Bd6 6. Nc3 c6 7. Bg5 O-O 8. e3 h6 9. Bh4 Nbd7 10. Bd3 Re8 11. O-O Qc7 12. Rfc1 a6 13. Rab1 Qb6 14.
Na4 Qc7 15. Nc3 Qd8 16. b4 Nf8 17. Bg3 Bg4 18. Ne5 Be6 19. h3 Qe7 20. a3 N6d7 21.
Nxd7 Nxd7 22. Bxd6 Qxd6 23. Na4 Nf6 24. Qc5 Qd8 25.
Qb6 Qc8 26. Qc5 Rb8 27. Qc2 Ne4 28. Nc5 f5 29. Re1 Nd6 30. a4 Bf7 31. b5 axb5 32. axb5 Qd8 33. bxc6 bxc6 34. Rxb8 Qxb8 35. Rb1 Qc8 36.
Rc1 f4 37. exf4 Qd8 38. Qd2 Qf6 39. Bf1 Ne4 40. Qe3 Nxc5 41. Qc3 Ne4 42. Qxc6 Qxd4 43. Qc2 Ng3 44. Rd1 Qa7 45. Qd2 Nxf1 46. Rxf1 d4 47. Rd1 Rd8 48. Qd3 Qd7 49. f5 Qe7 50. f4 Qf6 51. Kf2 Rd5 52. Re1 Qxf5 53. Qxf5 Rxf5 54.
Kf3 Rd5 55. g4 d3 56. Ke4 d2 57. Rd1 Rd8 58. Ke3 Bb3 59. Rxd2 Rxd2 60. Kxd2 Kf7 61. Ke3 Bd5 62. f5 Ba8 63. Kf4 Kf6 64. h4 g5+ 65. fxg6 Kxg6 66. h5+ Kf6 67. Kg3 Kg5 68. Kh3 Bd5 69. Kg3 Be6 70. Kh3 Bxg4+ 71. Kg3 Bxh5 72. Kh2 Be8 73. Kg1 Bc6 74. Kh2 h5 75. Kg1 Kh4 76.
Kh2 Ba8 0-1

[Event "Early-Titled-Tuesday-Blitz-October-10-2023"]
[Site "Chess.com"]
[Date "2023.10.10"]
[Round "6"]
[White "wonderfultime"]
[Black "NovozhilovSemen"]
[Result "0-1"]
[WhiteElo "2968"]
[BlackElo "2616"]
[TimeControl "180+1"]
[EndTime "9:05:54 PDT"]
[Termination "NovozhilovSemen won by resignation"]

1. d4 Nf6 2. Nf3 e6 3. Bf4 c5 4.
e3 cxd4 5. exd4 b6 6. c3 Bb7 7.
Bd3 Be7 8. Nbd2 O-O 9. O-O d6 10.
h3 Nbd7 11. Bh2 a6 12. a4 Qb8 13. Re1 Bd8 14. b4 Bc7 15. c4 a5 16. b5 Rc8 17.
Rc1 d5 18. Ne5 Nxe5 19. Bxe5 Bxe5 20. dxe5 Nd7 21. Qh5 g6 22. Qg5 Nc5 23. Bc2 d4 24. h4 Rc7 25. Be4 Qd8 26. Qg3 Rac8 27. Bxb7 Rxb7 28. Ne4 Nxe4 29. Rxe4 d3 30. Rd1 Rd7 31. Rd2 h5 32. Qe3 Kg7 33. g3 Rc5 34. Kh2 Kh7 35.
Kh3 Kg7 36. f3 Kh7 37. g4 hxg4+ 38. fxg4 Qc7 39. Rxd3 Rxd3 40. Qxd3 Rxe5 41. h5 Rxe4 42. Qxe4 Qd6 43. hxg6+ fxg6 44. Kg2 Kg7 45. Kf3 e5 46. Qe3 Kf6 47. Ke4 Qe6 48. g5+ Ke7 49. Qa3+ Kd7 50. Qd3+ Kc7 51. Qd5 Qf5+ 52. Ke3 Qxg5+ 53. Ke2 Qg4+ 54.
Ke3 Qf4+ 55. Kd3 Qd4+ 56. Qxd4 exd4 57. Kxd4 Kd6 0-1

[Event "Early-Titled-Tuesday-Blitz-October-10-2023"]
[Site "Chess.com"]
[Date "2023.10.10"]
[Round "6"]
[White "mapleaff"]
[Black "subham777"]
[Result "0-1"]
[WhiteElo "2370"]
[BlackElo "2510"]
[TimeControl "180+1"]
[EndTime "9:06:00 PDT"]
[Termination "subham777 won by checkmate"]

1. e4 e6 2. d3 c5 3. Nd2 Nc6 4.
g3 d6 5. Bg2 g6 6. Ngf3 Bg7 7.
O-O Nge7 8. a4 O-O 9. Nc4 d5 10. Ne3 a6 11. c3 d4 12. Nc4 e5 13. a5 Be6 14. h4 Bxc4 15. dxc4 Nxa5 16. cxd4 cxd4 17.
b3 Nac6 18. h5 b5 19. hxg6 hxg6 20. Ng5 bxc4 21. bxc4 Nc8 22. Qg4 Bf6 23. Qh4 Bxg5 24. Bxg5 f6 25. Bd2 Qe7 26. Bf3 Nb6 27. Kg2 Nxc4 28.
Rh1 Qg7 29. Bh6 Qh7 30. Bg4 Rfe8 31. Qxf6 Qf7 32. Bg5 Qxf6 33. Bxf6 Kf7 34. Bg5 Rh8 35. Rhc1 N6a5 36. Be2 Rac8 37. Rc2 Rhe8 38. Rac1 Nd6 39. Rxc8 Rxc8 40. Rxc8 Nxc8 41. Bxa6 Nd6 42. Bd2 Nc6 43. f3 Ke6 44. Kf2 Kd7 45. Ke2 Kc7 46. Bd3 Kb6 47.
f4 Kc5 48. f5 gxf5 49. exf5 e4 50. Bxe4 Nxe4 51. Bf4 Kc4 52. Kf3 Nf6 53. g4 Nd5 54.
Bd2 d3 55. g5 Nd4+ 56. Ke4 Nb3 57. Be3 Nxe3 58. Kxe3 d2 59. Ke2 Kc3 60. f6 Kc2 61. f7 d1=Q+ 62. Ke3 Qf1 63. Ke4 Qxf7 64. g6 Qxg6+ 65.
Ke5 Qg5+ 66. Ke4 Qe7+ 67. Kf3 Nd2+ 68. Kf2 Kd3 69. Kg1 Qe2 70. Kh1 Ke3 71. Kg1 Nf3+ 72. Kh1 Qh2# 0-1

[Event "Early-Titled-Tuesday-Blitz-October-10-2023"]
[Site "Chess.com"]
[Date "2023.10.10"]
[Round "6"]
[White "JAN2404"]
[Black "GAusal"]
[Result "1/2-1/2"]
[WhiteElo "2080"]
[BlackElo "2277"]
[TimeControl "180+1"]
[EndTime "9:06:00 PDT"]
[Termination "Game drawn - insufficient material"]

1. e4 c5 2. Nf3 e6 3. Nc3 Nc6 4. Bc4 a6 5. a4 d6 6. O-O g6 7. d3 Bg7 8. Re1 Nge7 9. h3 O-O 10. Be3 b6 11. Qd2 Ne5 12. Nxe5 dxe5 13. Ne2 Bb7 14.
Ng3 h5 15. Bh6 Nc6 16. c3 h4 17. Bg5 Qd7 18. Bxh4 Na5 19. Ba2 f6 20. Rad1 Kf7 21.
f4 c4 22. fxe5 Nb3 23. Qf2 Qxa4 24. Bxb3 Qxb3 25. Bxf6 Kg8 26. dxc4 Qxc4 27. Rd7 Bxf6 28. exf6 Qc6 29. Rg7+ Kh8 30. Ne2 Qc5 31. g4 Qxf2+ 32. Kxf2 Bxe4 33. Rc7 Rxf6+ 34. Ke3 Bd5 35. Nd4 e5 36. Nc2 Rf3+ 37. Kd2 Rxh3 38. Rxe5 Rd8 39. Nd4 Rh2+ 40. Ke3 Bg8 41. c4 Rh3+ 42. Kf4 Rf8+ 43. Ke4 Rh2 44. Ree7 Rxb2 45. c5 bxc5 46. Rxc5 Rb4 47.
Rc3 Rd8 48. Rh3+ Bh7 49. Rhxh7+ Kg8 50. Rhg7+ Kf8 51. Rgf7+ Kg8 52. Rd7 Rxd7 53. Rxd7 a5 54. Ra7 a4 55. Ra5 Kg7 56. Kd5 Kh6 57. Kc5 Rb1 58.
Rxa4 Kg5 59. Ra6 Kxg4 60. Rxg6+ Kf4 61. Re6 Rc1+ 62. Kd5 Rd1 63. Re4+ Kg5 64. Ke5 Ra1 65.
Ne6+ Kg6 66. Rg4+ Kf7 67. Kf5 Ra5+ 68. Ke4 Ra4+ 69. Kf5 Rxg4 70. Kxg4 1/2-1/2

[Event "Early-Titled-Tuesday-Blitz-October-10-2023"]
[Site "Chess.com"]
[Date "2023.10.10"]
[Round "6"]
[White "Herzog2012"]
[Black "masnyszachistaaa"]
[Result "1-0"]
[WhiteElo "2506"]
[BlackElo "2579"]
[TimeControl "180+1"]
[EndTime "9:06:01 PDT"]
[Termination "Herzog2012 won on time"]

1. e4 c5 2. Nf3 e6 3. d4 cxd4 4. Nxd4 Nc6 5. Nc3 Qc7 6. Be3 a6 7. Bd3 Nf6 8. Qe2 Ne5 9. h3 Bb4 10.
Bd2 O-O 11. O-O Nxd3 12. cxd3 Qb6 13. Nb3 Be7 14. e5 Nd5 15. Nxd5 exd5 16. Be3 Qg6 17. Kh1 d6 18. exd6 Bxd6 19. Bc5 Bf5 20. Bxd6 Bxd3 21. Qe5 Rfe8 22. Qg3 Bxf1 23. Qxg6 hxg6 24. Rxf1 Rad8 25. Bc5 Re2 26. Bd4 Rde8 27. Bc3 f6 28. Nd4 R2e4 29.
f3 Re3 30. Kg1 Kf7 31. Kf2 b5 32. a3 Rd3 33. Re1 Rxe1 34. Kxe1 Re3+ 35. Kd2 Re8 36. Nc6 Ke6 37. Nb4 Ra8 38. Nd3 g5 39. Ke3 Rc8 40. Nb4 a5 41. Nc2 Kd6 42. Nd4 a4 43. Nxb5+ Kc5 44. Nd4 Kc4 45. Nf5 Rc7 46. Kd2 Rd7 47.
Ne3+ Kb3 48. Bd4 Rd8 49. Kd3 Rd7 50. Nc2 Rc7 51. Nb4 Rd7 52. Na6 Ka2 53. Nc5 Ra7 54. Ne6 Ra6 55. Nc5 Ra8 56. Kc3 Rc8 57. Kb4 Rb8+ 58.
Kxa4 Re8 59. b4 Re2 60. b5 Rd2 61. Bc3 Rc2 62. Bb4 d4 63. b6 1-0

[Event "Early-Titled-Tuesday-Blitz-October-10-2023"]
[Site "Chess.com"]
[Date "2023.10.10"]
[Round "6"]
[White "seopie"]
[Black "JimDiGrease"]
[Result "1-0"]
[WhiteElo "2787"]
[BlackElo "2912"]
[TimeControl "180+1"]
[EndTime "9:06:04 PDT"]
[Termination "seopie won on time"]

1. c4 e6 2. Nc3 d5 3. e3 Nf6 4. Nf3 Bd6 5. Qc2 c6 6. b3 Nbd7 7. Bb2 Qe7 8. Be2 a6 9. d4 O-O 10. O-O b6 11. Rfe1 Bb7 12. Rad1 Rfd8 13. Bd3 dxc4 14. Bxc4 c5 15. d5 b5 16. dxe6 fxe6 17.
Be2 Ne5 18. Nxe5 Bxe5 19. Nb1 Be4 20. Qc1 Qc7 21. Bxe5 Qxe5 22. Nd2 Rac8 23. Nf3 Bxf3 24. Bxf3 Qc7 25. g3 c4 26. bxc4 bxc4 27. Qa3 a5 28. Rc1 c3 29. Rc2 Qc5 30. Qb3 Qc4 31. Rec1 Qxb3 32. axb3 Nd5 33. Kf1 Nb4 34. Rxc3 Rxc3 35. Rxc3 Rd3 36. Rxd3 Nxd3 37. Be2 Nb4 38. Bc4 Kf7 39.
Ke2 Kf6 40. f3 Ke5 41. Kd2 g5 42. Kc3 h5 43. h3 h4 44. gxh4 gxh4 45. Kb2 Kf5 46. Kc3 e5 47. Bd3+ Ke6 48. Be4 Kd6 49. Kc4 Na2 50. Kb5 Nc3+ 51. Kxa5 Nd1 52. b4 Nxe3 53.
b5 Kc5 54. Ka6 Nc4 55. Bd3 Nb6 56. Kb7 Nd5 57. Kc8 Nf4 58. Bf1 Nd5 59. Kd7 Ne3 60. Be2 Nf5 61. Kc7 Ne7 62. Bd3 Nd5+ 63. Kd7 Nf4 64. Bf1 Nd5 65. Ke6 Kd4 66. Be2 Nb6 67. Kf5 Ke3 68. Kxe5 1-0

[Event "Early-Titled-Tuesday-Blitz-October-10-2023"]
[Site "Chess.com"]
[Date "2023.10.10"]
[Round "6"]
[White "MightyGMpretender"]
[Black "SirStrateg"]
[Result "1/2-1/2"]
[WhiteElo "2743"]
[BlackElo "2588"]
[TimeControl "180+1"]
[EndTime "9:06:04 PDT"]
[Termination "Game drawn - insufficient material"]

1. e4 d6 2. d4 Nf6 3. f3 Nbd7 4. c4 e5 5. d5 Be7 6. Be3 c6 7. Nc3 cxd5 8. cxd5 O-O 9. Bd3 a6 10. Nge2 Ne8 11.
O-O Bg5 12. Bf2 g6 13. b4 Ng7 14. a4 f5 15. a5 fxe4 16. fxe4 Nf6 17. h3 Bd7 18.
Bb6 Qe8 19. Ng3 Ngh5 20. Nxh5 Nxh5 21. Rxf8+ Qxf8 22. Bf1 Rc8 23. Ra3 Qh6 24. Ne2 Bb5 25. Rf3 Bxe2 26. Qxe2 Bf4 27. Bf2 Qg5 28. Qd3 Rc1 29.
g3 Bd2 30. b5 Bxa5 31. bxa6 bxa6 32. Qxa6 Qd8 33. Kg2 Rc2 34. Bd3 Rb2 35. Kg1 Nf6 36. Qa7 Bc3 37. Qa4 Kg7 38. Qd1 Qb8 39. Bf1 Rxf2 40.
Kxf2 Nxe4+ 41. Kg2 Qb2+ 42. Qe2 Qb4 43. Re3 Nf6 44.
Qf3 Bd4 45. Re2 Qb7 46. g4 Qxd5 47. Qxd5 Nxd5 48. Kf3 Nf6 49. Rc2 d5 50. Rc7+ Kh6 51. h4 g5 52. Rf7 Kg6 53. Re7 gxh4 54. Kg2 Nxg4 55. Kh3 Ne3 56. Bd3+ e4 57. Bb1 Bf6 58. Rd7 Kf5 59. Rxh7 d4 60. Rh5+ Bg5 61. Bxe4+ Kxe4 62. Rxg5 Nf5 63. Rg4+ Kf3 64. Rg5 Kf4 65. Rg4+ Ke3 66. Rg5 Nd6 67. Rd5 Ne4 68. Re5 d3 69. Rd5 Nc3 70. Rd8 d2 71. Kxh4 Ne2 72. Rxd2 Kxd2 1/2-1/2

[Event "Early-Titled-Tuesday-Blitz-October-10-2023"]
[Site "Chess.com"]
[Date "2023.10.10"]
[Round "6"]
[White "BardArtem"]
[Black "mr_gustavo"]
[Result "1/2-1/2"]
[WhiteElo "2833"]
[BlackElo "2646"]
[TimeControl "180+1"]
[EndTime "9:06:06 PDT"]
[Termination "Game drawn by stalemate"]

1. e4 c6 2. Nc3 d5 3. Qe2 d4 4. Nd1 c5 5. d3 Nc6 6. g3 e5 7.
Bg2 h5 8. f4 h4 9. Nf3 h3 10. Bf1 Nf6 11. Nf2 Ng4 12. f5 Nxf2 13. Qxf2 b6 14. g4 Bb7 15. Bd2 c4 16. dxc4 Nb4 17. Bd3 Qc7 18. a3 Na6 19. b4 Nb8 20. O-O Nd7 21. c3 O-O-O 22. cxd4 exd4 23. Nxd4 Ne5 24.
Be2 Bxe4 25. Bf4 Ba8 26. Rad1 Qb7 27. Nf3 Rxd1 28. Bxd1 Nxg4 29. Qg3 Nf6 30. Re1 Nh5 31. Qg4 Nxf4 32. Qxf4 Be7 33. f6 Bxf6 34. Qf5+ Qd7 35. Qxd7+ Kxd7 36. Ne5+ Bxe5 37. Rxe5 f6 38. Re1 Rh4 39.
Ba4+ Kd6 40. Rd1+ Ke5 41. Bb3 Rd4 42. Re1+ Kf4 43. c5 bxc5 44. bxc5 Rd3 45. Bd1 Rxa3 46. Be2 Rc3 47. Rf1+ Kg5 48. Ra1 Rxc5 49. Rxa7 Be4 50. Rxg7+ Kf4 51. Bf1 f5 52. Bxh3 Rc1+ 53. Kf2 Rc2+ 54.
Kg1 Ke3 55. Rg3+ Kd4 56. Bf1 f4 57. Rg8 f3 58. h4 Ke3 59. h5 Rc1 60. Re8 f2+ 61.
Kh2 Rxf1 62. Rf8 Rh1+ 63. Kg3 Rg1+ 64. Kh4 f1=Q 65. Rxf1 Rxf1 66. h6 Rh1+ 67. Kg5 Rg1+ 68. Kf6 Rg6+ 69. Ke5 Rxh6 1/2-1/2

[Event "Early-Titled-Tuesday-Blitz-October-10-2023"]
[Site "Chess.com"]
[Date "2023.10.10"]
[Round "6"]
[White "DanielTitichoca"]
[Black "kreonx"]
[Result "1-0"]
[WhiteElo "2634"]
[BlackElo "2463"]
[TimeControl "180+1"]
[EndTime "9:06:08 PDT"]
[Termination "DanielTitichoca won by resignation"]

1. Nf3 g6 2. g3 Bg7 3. Bg2 e5 4.
O-O Nc6 5. d3 d5 6. c4 Nge7 7.
cxd5 Nxd5 8. Bg5 f6 9. Bd2 Be6 10. Nc3 O-O 11. Rc1 Nce7 12. a3 Nxc3 13. bxc3 c5 14.
c4 Qd7 15. a4 Nc6 16. a5 Rab8 17. Be3 Nd4 18. Nxd4 cxd4 19. Bd2 Rfc8 20. Rb1 Bf8 21. Qb3 b5 22. axb6 Rxb6 23. Qa2 Rcb8 24. Ba5 Rxb1 25. Rxb1 Qc8 26. Bd2 Bc5 27. h4 Rb6 28. Ba5 Qa6 29. Rb5 Qxb5 30. Bxb6 Qxb6 31. Qa4 Kf7 32. Bc6 f5 33. h5 gxh5 34. Be8+ Kf6 35. Bxh5 Bf7 36. Bf3 Qc7 37. Qa6+ Bb6 38. Qb5 e4 39. dxe4 Bxc4 40. Qxf5+ Ke7 41. e5 Be6 42. Qf6+ Ke8 43. Qxe6+ Qe7 44.
Bh5+ Kd8 45. Qd5+ Kc7 46. Bf3 Qc5 47. Qe6 a5 48. Qf7+ Kd8 49. Bg4 Qe7 50. Qd5+ Ke8 51. e6 Kf8 52. Bh5 Kg7 53. Qf5 Qf6 54. Qe4 Qg5 55. Bf3 Qc1+ 56. Kg2 Qc8 57. e7 Qe8 58. Bh5 Qxh5 59. e8=Q Qxe8 60. Qxe8 Kf6 61. Qb5 Bd8 62. Qc6+ Ke7 63. Qd5 a4 64. Qxd4 a3 65. Qb4+ Kf7 66.
Qxa3 Be7 67. Qf3+ Kg6 68. Qe4+ Kg7 69. Qxe7+ Kg6 70. Qh4 Kg7 71. e4 h5 72. f4 Kh6 73.
e5 Kg6 74. e6 Kg7 75. e7 Kf7 76. Qxh5+ Kxe7 77. Qf5 Ke8 78. g4 Ke7 79. g5 Ke8 80.
g6 Ke7 81. g7 Kd6 1-0

[Event "Early-Titled-Tuesday-Blitz-October-10-2023"]
[Site "Chess.com"]
[Date "2023.10.10"]
[Round "6"]
[White "Gyulamiryan-koryun"]
[Black "Larina_Maria"]
[Result "0-1"]
[WhiteElo "2003"]
[BlackElo "2206"]
[TimeControl "180+1"]
[EndTime "9:06:08 PDT"]
[Termination "Larina_Maria won on time"]

1. e4 c6 2. Nc3 d5 3. Nf3 Bg4 4. h3 Bxf3 5. Qxf3 e6 6. exd5 cxd5 7. d4 a6 8. Bd3 Nc6 9. Ne2 Nf6 10. c3 Be7 11. O-O O-O 12. Bg5 Re8 13. Rac1 b5 14.
Bb1 Rc8 15. Qd3 g6 16. h4 Na5 17. b3 Ne4 18. Bxe7 Qxe7 19. f3 Nd6 20. h5 Qh4 21. hxg6 hxg6 22. Qe3 Kg7 23. Qe5+ Qf6 24.
Qxd6 Rh8 25. Qe5 Nc6 26. Qxf6+ Kxf6 27. f4 Rh4 28. g3 Rh3 29. Kg2 Rch8 30. Kg1 Rh2 31. Rf2 Rh1+ 32. Kg2 R8h2+ 33. Kf3 Rxf2+ 34. Kxf2 Rh2+ 35. Kf3 Ne7 36. g4 Rh3+ 37. Ng3 Rh2 38. Re1 Rb2 39. g5+ Kg7 40. Nf1 Nc6 41. Ne3 b4 42. c4 Nxd4+ 43. Kg4 dxc4 44. bxc4 a5 45. Rd1 Ne2 46. Rd7 Rxb1 47. Ra7 Nc3 48. Rxa5 Rb2 49. c5 Nxa2 50. c6 Rb1 51. Rxa2 Rc1 52.
Ra6 b3 53. Rb6 b2 54. Rxb2 Rxc6 55. Rd2 Rc3 56. Kf3 Ra3 57. Rd7 Rb3 58. Ke4 Rb4+ 59. Rd4 Rb3 60. Ra4 Rb5 61. Nc4 Rc5 62. Ne5 Rc7 63.
Ra8 Rb7 64. Rd8 Rb4+ 0-1

[Event "Early-Titled-Tuesday-Blitz-October-10-2023"]
[Site "Chess.com"]
[Date "2023.10.10"]
[Round "6"]
[White "akanga001"]
[Black "VOneChess"]
[Result "1-0"]
[WhiteElo "2032"]
[BlackElo "2237"]
[TimeControl "180+1"]
[EndTime "9:06:09 PDT"]
[Termination "akanga001 won on time"]

1. d4 Nf6 2. c4 e6 3. Nf3 Bb4+ 4. Bd2 Qe7 5. g3 b6 6. Bg2 Bb7 7. O-O Bxd2 8. Qxd2 O-O 9. Nc3 d6 10. Qc2 c5 11.
dxc5 dxc5 12. Rad1 Nbd7 13. Nb5 Be4 14. Qc1 Rfd8 15. Qe3 Nf8 16. Nc3 Bb7 17. h3 Ng6 18. g4 h6 19. Ne5 Nxe5 20. Qxe5 Bxg2 21. Kxg2 Qb7+ 22. Kg1 Rd7 23. Rxd7 Nxd7 24. Qd6 Nf8 25. Rd1 Ng6 26. b3 Nh4 27. f3 Rc8 28. Ne4 Qa6 29. Qd7 Rf8 30. Qe7 Ng6 31. Qc7 Qxa2 32. Kf2 Qxb3 33. Rd7 Qxc4 34. Qxa7 Ne5 35. Rb7 Qd4+ 36. Kf1 Qd1+ 37. Kf2 Qd4+ 38. Kf1 Nc4 39. Rd7 Qe3 40. Qa2 Qc1+ 41. Kf2 Qe3+ 42. Kf1 Ne5 43. Rd2 Nxf3 44. exf3 Qxf3+ 45. Nf2 Ra8 46. Qb2 c4 47. Qc2 Ra1+ 48. Rd1 Rxd1+ 49. Qxd1 Qc3 50. Ke2 Qb2+ 51. Kf1 c3 52.
Qd8+ Kh7 53. Qd3+ g6 54. Qd7 Kg7 55. Qd4+ Kh7 56. Nd3 Qb1+ 57. Ke2 c2 58. Qc3 Qd1+ 59. Ke3 1-0

[Event "Early-Titled-Tuesday-Blitz-October-10-2023"]
[Site "Chess.com"]
[Date "2023.10.10"]
[Round "6"]
[White "Juicy_Fork"]
[Black "AleksandrAleksikov"]
[Result "1-0"]
[WhiteElo "2468"]
[BlackElo "2225"]
[TimeControl "180+1"]
[EndTime "9:06:14 PDT"]
[Termination "Juicy_Fork won on time"]

1. e4 c5 2. Nf3 d6 3. d4 Nf6 4.
Nc3 cxd4 5. Nxd4 a6 6. Be2 e5 7. Nb3 Be7 8. Be3 Be6 9. Nd5 Bxd5 10. exd5 Nbd7 11. Qd3 Rc8 12. O-O-O Nb6 13. Kb1 Nbxd5 14. Bd2 Qc7 15. g4 Nb6 16. g5 Nfd7 17. h4 Nc4 18.
Bc1 b5 19. h5 Nc5 20. Nxc5 Qxc5 21. g6 fxg6 22. hxg6 h6 23. Bg4 Rc7 24. Be6 Rf8 25. Bf7+ Kd8 26. f4 Kc8 27. Rhf1 Rd8 28. f5 Bf6 29.
Qe4 Kb8 30. Rg1 Rxf7 31. gxf7 Rf8 32. b3 Nb6 33. Be3 Qc7 34. Bxb6 Qxb6 35. Qd5 Qc7 36.
Qxd6 Rxf7 37. Qxa6 Qb7 38. Qd6+ Qc7 39. Qxc7+ Rxc7 40. Rd5 b4 41. Rg4 Rb7 42. Kc1 Kc7 43. Rc5+ Kd6 44.
Rcc4 Kd5 45. Rxb4 Rxb4 46. Rxb4 e4 47. Kd1 Ke5 48. a4 Kxf5 49. a5 Bc3 50. Rb5+ Kf4 51. a6 Bd4 52. Rb4 Ba7 53. Rb7 Bd4 54. a7 Bxa7 55.
Rxa7 g5 56. Ke2 h5 57. Rf7+ Ke5 58. Ke3 h4 59. Rh7 Kf5 60. b4 Kg4 61. Kxe4 Kg3 62. b5 h3 63. b6 h2 64. b7 Kg2 65. b8=Q h1=Q 66. Rxh1 Kxh1 67. Qg3 1-0

[Event "Early-Titled-Tuesday-Blitz-October-10-2023"]
[Site "Chess.com"]
[Date "2023.10.10"]
[Round "6"]
[White "almaguerjm"]
[Black "ArtemDyachuk"]
[Result "0-1"]
[WhiteElo "2517"]
[BlackElo "2668"]
[TimeControl "180+1"]
[EndTime "9:06:17 PDT"]
[Termination "ArtemDyachuk won by resignation"]

1. e4 c5 2. Nf3 d6 3. d4 cxd4 4. Nxd4 Nf6 5. Nc3 a6 6. Be2 e6 7. Be3 Be7 8. a4 Nbd7 9. a5 O-O 10. O-O Nc5 11. f3 e5 12. Nb3 Nxb3 13. cxb3 Be6 14.
Bb6 Qd7 15. Nd5 Nxd5 16. exd5 Bf5 17. Rc1 Rac8 18. Qd2 h6 19. Rxc8 Rxc8 20. Rc1 Bg5 21. Be3 Bxe3+ 22. Qxe3 Rxc1+ 23. Qxc1 e4 24. Qf4 exf3 25.
gxf3 Bg6 26. Kf2 Qc7 27. Bc4 Qc5+ 28. Kg2 Qb4 29. h4 h5 30. Kh2 Qc5 31. Kg2 Kf8 32. Qg5 Ke8 33. Qd2 Kd8 34. Qc3 f6 35. b4 Qc7 36. b3 Bf7 37. Qd4 Be8 38. Qe3 Qd7 39.
Bd3 Bf7 40. Qd4 Kc8 41. Kg3 Kb8 42. Bc2 Qe7 43. Be4 Be8 44. Qb6 Bb5 45. Kf2 f5 46.
Bxf5 Qxh4+ 47. Kg2 Qg5+ 48. Kf2 Qe7 49. Be4 h4 50.
Qe3 Qe5 51. Kg2 Qg3+ 52. Kh1 Bf1 53. Qg1 Qxg1+ 54. Kxg1 Be2 55. Kf2 Bd1 56. Bf5 Bxb3 57. Be6 Kc7 58. f4 Kd8 59. Kf3 Ke7 60. Kg4 Kf6 61.
Kxh4 Bc2 62. Kg4 g6 63. Kf3 Bf5 64. Bg8 Kg7 65. Be6 Bxe6 66. dxe6 Kf6 67. Ke4 Kxe6 68. Kd4 Kf5 69. Kd5 Kxf4 70. Kxd6 g5 71. Kc7 g4 72. b5 g3 73. bxa6 bxa6 74. Kb7 g2 75.
Kxa6 g1=Q 76. Kb7 Qb1+ 77. Ka7 Qb5 78. a6 Ke5 0-1